AoeStats
← danieldivilla

Four Lakes

507120778Analyzed
1v1 RM · 15d ago on Sep 16, 2026· 40m 25s· 2 players
Game mode
Random Map
Map size
Tiny (2 player)
Population
200
Speed
Normal
Resources
Standard
Victory
Conquest
Starting age
Dark Age
Ending age
Imperial Age
RankedLock teamsTeams togetherTeam positionsShared explorationLock speedFull tech treeHidden civsTurbo modeCheats
Victory
Defeat
🇫🇷 Dravidians · France
1339
+17
🇪🇸 Bohemians · Spain
1363
-17
FLEJEUNE
10:24 Feudal Age
10:57 Man-at-Arms
11:25 Double-Bit Axe
11:31 Gold Mining
12:08 Loom
13:06 Arson
14:01 Fishing Lines
14:35 Town Watch
15:56 Forging
16:31 Scale Mail Armor
19:35 Castle Age
22:39 Ballistics
22:10 Fletching
22:38 Padded Archer Armor
23:03 Bodkin Arrow
24:16 Husbandry
24:57 Leather Archer Armor
25:11 Gillnets
25:35 Thumb Ring
27:03 Devotion
29:51 Crossbowman
30:25 Stone Mining
38:31 Imperial Age
39:14 Bracer
40:16 Chemistry
39:53 Faith
danieldivilla
13:13 Feudal Age
11:34 Loom
15:11 Wheelbarrow
17:13 Castle Age
16:40 Forging
16:36 Scale Barding Armor
18:04 Husbandry
18:28 Chain Barding Armor
20:23 Double-Bit Axe
25:36 Iron Casting
25:16 Town Watch
26:09 Wheelbarrow
33:22 Imperial Age
30:26 Pikeman
Connection lost

Rejoining the realm…

Still unreachable

The connection could not be restored.

Session expired

The server has moved on; the page needs a fresh start.